[ AOE2 MATCH · #505411229 ]
UnrankedAztecs vs Goths
Player's team · LOSS
Rival team · WIN
[ REPLAY ANALYSIS · EXTRACTED FROM THE RECORDED GAME ]
Feudal
10:41
Castle
23:14
Imperial
—
| APM avg | 66.8 |
| APM peak | 107 |
| eAPM avg | 24.1 |
| Villagers / military | 61 / 41 |
Focus
⚔️ 30.1% · 🌾 69.9%
Archer ×23 · Skirmisher ×7 · Unknown (2626) ×7 · Militia ×5 · Monk ×3 · Mangonel ×3
Feudal
9:59
Castle
26:54
Imperial
—
| APM avg | 74.1 |
| APM peak | 107 |
| eAPM avg | 22.7 |
| Villagers / military | 69 / 40 |
Focus
⚔️ 27.6% · 🌾 72.4%
Fishing Ship ×22 · Skirmisher ×17 · Huskarl ×10 · Archer ×9 · Unknown (2626) ×7 · Galley ×2
Match map
Initial resources + every placement click. Lines = walls · curves = elevation contours. ◆ gold · ⬟ stone · ● berries · ✦ relic · ◌ wall gap
Your base· Open — unwalled flank
Twitch_ActionMarc's base· Open — 5t gap
Smoothed initial terrain · ◌ = detected wall gap · hover for details
Inputs per minute
— uel - - Twitch_ActionMarc
Build order — uel
First 150 of 186 actions detected
| 0:01 | Create | Villager (Male) |
| 0:02 | Create | Villager (Male) |
| 0:02 | Create | Villager (Male) |
| 0:02 | Create | Villager (Male) |
| 0:03 | Build | House |
| 0:04 | Build | House |
| 1:21 | Create | Villager (Male) |
| 1:21 | Create | Villager (Male) |
| 1:58 | Build | Lumber Camp |
| 2:08 | Create | Villager (Male) |
| 2:20 | Create | Villager (Male) |
| 2:21 | Create | Villager (Male) |
| 2:50 | Create | Villager (Male) |
| 2:50 | Create | Villager (Male) |
| 3:17 | Create | Villager (Male) |
| 3:18 | Create | Villager (Male) |
| 3:44 | Create | Villager (Male) |
| 3:55 | Build | House |
| 4:12 | Create | Villager (Male) |
| 4:12 | Create | Villager (Male) |
| 4:39 | Build | Dock |
| 4:43 | Create | Villager (Male) |
| 4:43 | Create | Villager (Male) |
| 4:50 | Create | Villager (Male) |
| 5:18 | Create | Fishing Ship |
| 5:23 | Create | Villager (Male) |
| 5:35 | Build | House |
| 5:42 | Create | Villager (Male) |
| 6:07 | Create | Fishing Ship |
| 6:15 | Create | Villager (Male) |
| 6:35 | Create | Villager (Male) |
| 6:42 | Create | Fishing Ship |
| 6:52 | Build | House |
| 6:55 | Create | Villager (Male) |
| 7:23 | Create | Villager (Male) |
| 7:42 | Research | Loom |
| 8:06 | Build | Mining Camp |
| 8:31 | Research | Feudal Age |
| 8:32 | Research | Feudal Age |
| 8:47 | Build | Barracks |
| 9:35 | Build | House |
| 9:36 | Build | House |
| 9:45 | Create | Militia |
| 9:45 | Create | Militia |
| 9:46 | Create | Militia |
| 9:52 | Build | House |
| 9:58 | Build | House |
| 10:41 | Age | Feudal Age |
| 10:44 | Research | Man-at-Arms (upgrade) |
| 10:47 | Build | Archery Range |
| 10:50 | Research | Double-Bit Axe |
| 10:51 | Research | Double-Bit Axe |
| 10:51 | Create | Villager (Male) |
| 10:56 | Build | House |
| 11:12 | Build | Watch Tower |
| 11:23 | Create | Villager (Male) |
| 11:25 | Build | Mill |
| 11:26 | Create | Archer |
| 11:26 | Create | Archer |
| 11:54 | Create | Villager (Male) |
| 11:58 | Build | Mining Camp |
| 12:03 | Create | Villager (Male) |
| 12:15 | Create | Archer |
| 12:22 | Build | Blacksmith |
| 12:39 | Create | Villager (Male) |
| 12:56 | Create | Archer |
| 13:13 | Research | Fletching |
| 13:14 | Research | Fletching |
| 13:26 | Create | Archer |
| 13:41 | Create | Archer |
| 13:55 | Create | Villager (Male) |
| 14:05 | Create | Archer |
| 14:08 | Build | House |
| 14:30 | Create | Archer |
| 14:47 | Research | Padded Archer Armor |
| 14:47 | Research | Padded Archer Armor |
| 14:48 | Create | Villager (Male) |
| 14:58 | Build | Watch Tower |
| 15:08 | Build | Farm |
| 15:09 | Build | Farm |
| 15:09 | Build | Farm |
| 15:09 | Build | Farm |
| 15:09 | Build | Farm |
| 15:25 | Create | Archer |
| 15:28 | Create | Villager (Male) |
| 15:28 | Create | Villager (Male) |
| 15:28 | Create | Villager (Male) |
| 15:56 | Build | Palisade Wall |
| 15:56 | Build | Palisade Wall |
| 15:57 | Build | Palisade Wall |
| 15:58 | Build | Palisade Wall |
| 16:04 | Create | Archer |
| 16:06 | Create | Villager (Male) |
| 16:09 | Build | Farm |
| 16:30 | Create | Skirmisher |
| 16:33 | Build | Market |
| 16:47 | Create | Archer |
| 16:55 | Create | Villager (Male) |
| 17:05 | Build | Lumber Camp |
| 17:21 | Create | Villager (Male) |
| 17:27 | Build | Farm |
| 17:29 | Build | Farm |
| 17:46 | Build | House |
| 17:47 | Build | House |
| 18:07 | Create | Skirmisher |
| 18:33 | Create | Archer |
| 18:33 | Create | Archer |
| 18:34 | Create | Skirmisher |
| 18:57 | Create | Skirmisher |
| 19:29 | Create | Skirmisher |
| 20:28 | Create | Skirmisher |
| 20:34 | Research | Castle Age |
| 20:34 | Research | Castle Age |
| 20:44 | Build | Archery Range |
| 20:58 | Create | Militia |
| 21:09 | Create | Archer |
| 21:39 | Create | Archer |
| 21:50 | Create | Militia |
| 21:55 | Create | Skirmisher |
| 22:07 | Create | Archer |
| 22:08 | Create | Archer |
| 22:12 | Create | Villager (Male) |
| 22:40 | Build | Palisade Wall |
| 22:47 | Create | Villager (Male) |
| 22:48 | Research | Gold Mining |
| 22:48 | Research | Gold Mining |
| 22:55 | Build | Lumber Camp |
| 22:56 | Create | Archer |
| 22:58 | Create | Archer |
| 23:13 | Build | Watch Tower |
| 23:14 | Age | Castle Age |
| 23:21 | Build | Siege Workshop |
| 23:41 | Create | Villager (Male) |
| 23:52 | Research | Bow Saw |
| 23:52 | Research | Bow Saw |
| 24:09 | Create | Mangonel |
| 24:43 | Research | Bodkin Arrow |
| 25:04 | Build | Farm |
| 25:39 | Create | Mangonel |
| 25:48 | Create | Villager (Male) |
| 25:54 | Create | Villager (Male) |
| 26:06 | Create | Archer |
| 26:15 | Create | Villager (Male) |
| 26:34 | Create | Mangonel |
| 26:35 | Create | Villager (Male) |
| 26:51 | Create | Archer |
| 26:51 | Create | Archer |
| 26:52 | Create | Villager (Male) |
| 26:52 | Create | Villager (Male) |
| 26:52 | Create | Villager (Male) |
Build order — Twitch_ActionMarc
First 150 of 210 actions detected
| 0:00 | Create | Villager (Male) |
| 0:01 | Create | Villager (Male) |
| 0:02 | Build | House |
| 0:03 | Build | House |
| 0:18 | Create | Villager (Male) |
| 0:18 | Create | Villager (Male) |
| 0:41 | Research | Loom |
| 0:41 | Create | Villager (Male) |
| 0:42 | Create | Villager (Male) |
| 0:42 | Create | Villager (Male) |
| 1:32 | Create | Villager (Male) |
| 1:32 | Create | Villager (Male) |
| 1:45 | Build | Lumber Camp |
| 2:04 | Create | Villager (Male) |
| 2:22 | Create | Villager (Male) |
| 2:44 | Create | Villager (Male) |
| 3:17 | Create | Villager (Male) |
| 3:39 | Build | House |
| 3:44 | Create | Villager (Male) |
| 4:13 | Create | Villager (Male) |
| 4:33 | Build | Dock |
| 4:37 | Create | Villager (Male) |
| 5:01 | Create | Villager (Male) |
| 5:17 | Create | Fishing Ship |
| 5:23 | Build | House |
| 5:25 | Create | Villager (Male) |
| 5:42 | Create | Villager (Male) |
| 6:07 | Create | Fishing Ship |
| 6:15 | Create | Villager (Male) |
| 6:37 | Create | Fishing Ship |
| 6:39 | Create | Villager (Male) |
| 7:12 | Create | Villager (Male) |
| 7:18 | Build | House |
| 7:24 | Create | Fishing Ship |
| 7:49 | Research | Feudal Age |
| 8:08 | Build | Lumber Camp |
| 8:45 | Build | Mining Camp |
| 9:06 | Build | House |
| 9:16 | Create | Villager (Male) |
| 9:16 | Create | Villager (Male) |
| 9:20 | Build | Dock |
| 9:59 | Age | Feudal Age |
| 10:05 | Create | Unit 2626 |
| 10:06 | Create | Unit 2626 |
| 10:21 | Build | Dock |
| 10:45 | Create | Unit 2626 |
| 10:46 | Create | Unit 2626 |
| 10:48 | Create | Villager (Male) |
| 10:48 | Create | Villager (Male) |
| 10:51 | Research | Double-Bit Axe |
| 11:27 | Build | Palisade Wall |
| 11:33 | Build | Barracks |
| 11:49 | Build | House |
| 11:52 | Build | Palisade Wall |
| 12:06 | Build | Palisade Wall |
| 12:08 | Build | Palisade Wall |
| 12:11 | Create | Villager (Male) |
| 12:13 | Build | House |
| 12:29 | Build | House |
| 12:31 | Build | House |
| 12:41 | Create | Villager (Male) |
| 12:41 | Create | Villager (Male) |
| 13:03 | Create | Villager (Male) |
| 13:06 | Build | Archery Range |
| 13:27 | Build | House |
| 13:29 | Build | House |
| 13:32 | Build | Palisade Wall |
| 13:32 | Create | Villager (Male) |
| 13:33 | Create | Villager (Male) |
| 13:44 | Create | Archer |
| 13:54 | Build | Blacksmith |
| 13:58 | Create | Villager (Male) |
| 14:06 | Create | Archer |
| 14:14 | Build | Outpost |
| 14:18 | Create | Archer |
| 14:26 | Build | Lumber Camp |
| 14:34 | Research | Fletching |
| 14:36 | Create | Villager (Male) |
| 14:37 | Create | Villager (Male) |
| 15:03 | Build | Watch Tower |
| 15:05 | Create | Skirmisher |
| 15:06 | Create | Villager (Male) |
| 15:10 | Build | Archery Range |
| 15:12 | Create | Villager (Male) |
| 15:31 | Create | Fishing Ship |
| 15:48 | Create | Skirmisher |
| 15:48 | Create | Skirmisher |
| 15:53 | Create | Skirmisher |
| 15:54 | Create | Villager (Male) |
| 16:03 | Build | Lumber Camp |
| 16:08 | Create | Skirmisher |
| 16:19 | Build | House |
| 16:29 | Build | Lumber Camp |
| 16:55 | Build | Lumber Camp |
| 16:59 | Create | Villager (Male) |
| 17:01 | Create | Skirmisher |
| 17:01 | Create | Skirmisher |
| 17:07 | Create | Villager (Male) |
| 17:09 | Build | House |
| 17:16 | Build | Outpost |
| 17:32 | Create | Archer |
| 17:32 | Create | Archer |
| 17:44 | Create | Fishing Ship |
| 17:53 | Build | Mining Camp |
| 18:10 | Research | Padded Archer Armor |
| 18:11 | Create | Villager (Male) |
| 18:27 | Create | Skirmisher |
| 18:27 | Create | Skirmisher |
| 18:41 | Create | Villager (Male) |
| 18:59 | Create | Fishing Ship |
| 19:00 | Create | Fishing Ship |
| 19:00 | Create | Fishing Ship |
| 19:22 | Create | Skirmisher |
| 19:22 | Create | Skirmisher |
| 19:34 | Build | Mill |
| 19:43 | Create | Skirmisher |
| 19:43 | Create | Villager (Male) |
| 19:46 | Create | Fishing Ship |
| 19:46 | Create | Fishing Ship |
| 19:47 | Create | Fishing Ship |
| 19:53 | Build | House |
| 19:55 | Build | House |
| 20:21 | Create | Skirmisher |
| 20:22 | Create | Villager (Male) |
| 20:28 | Build | Market |
| 20:49 | Create | Villager (Male) |
| 20:51 | Create | Skirmisher |
| 20:53 | Create | Archer |
| 20:53 | Create | Archer |
| 21:00 | Create | Fishing Ship |
| 21:00 | Create | Fishing Ship |
| 21:18 | Build | Watch Tower |
| 21:27 | Create | Villager (Male) |
| 21:27 | Create | Villager (Male) |
| 21:44 | Create | Skirmisher |
| 22:12 | Create | Archer |
| 22:12 | Create | Archer |
| 22:13 | Create | Villager (Male) |
| 22:18 | Create | Villager (Male) |
| 22:37 | Build | House |
| 22:48 | Create | Fishing Ship |
| 22:54 | Create | Villager (Male) |
| 22:55 | Create | Villager (Male) |
| 22:56 | Build | House |
| 23:02 | Build | House |
| 23:04 | Build | House |
| 23:05 | Build | House |
| 23:13 | Create | Fishing Ship |
| 23:13 | Create | Fishing Ship |
| 23:18 | Build | House |
Match timeline
| 4:33 | Twitch_ActionMarc · first_building Dock |
| 4:39 | uel · first_building Dock |
| 8:47 | uel · first_building Barracks |
| 9:59 | Twitch_ActionMarc · age_up feudal |
| 10:41 | uel · age_up feudal |
| 10:47 | uel · first_building Archery Range |
| 11:27 | Twitch_ActionMarc · wall_segment Palisade Wall x1 |
| 11:33 | Twitch_ActionMarc · first_building Barracks |
| 11:52 | Twitch_ActionMarc · wall_segment Palisade Wall x1 |
| 12:06 | Twitch_ActionMarc · wall_segment Palisade Wall x1 |
| 12:08 | Twitch_ActionMarc · wall_segment Palisade Wall x1 |
| 13:06 | Twitch_ActionMarc · first_building Archery Range |
| 13:32 | Twitch_ActionMarc · wall_segment Palisade Wall x1 |
| 15:56 | uel · wall_segment Palisade Wall x1 |
| 15:56 | uel · wall_segment Palisade Wall x1 |
| 15:57 | uel · wall_segment Palisade Wall x1 |
| 15:58 | uel · wall_segment Palisade Wall x1 |
| 17:43 | uel · first_market_sell 100 wood |
| 17:45 | uel · first_market_buy 100 food |
| 22:19 | Twitch_ActionMarc · first_market_sell 500 wood |
| 22:21 | Twitch_ActionMarc · first_market_buy 100 food |
| 22:40 | uel · wall_segment Palisade Wall x1 |
| 23:14 | uel · age_up castle |
| 23:21 | uel · first_building Siege Workshop |
| 23:33 | Twitch_ActionMarc · wall_segment Palisade Wall x1 |
| 26:54 | Twitch_ActionMarc · age_up castle |
| 26:57 | Twitch_ActionMarc · first_building Siege Workshop |
| 27:21 | Twitch_ActionMarc · first_building Castle |
| 28:19 | uel · first_building Monastery |
| 32:55 | uel · resign |
[ AI ANALYSIS · 1 CREDIT ]
What really happened in this match?
Wolo.gg analyzes every decision: build order, eco, micro, common mistakes by bracket. Personalized analysis on WhatsApp or Discord in 30 seconds.
Civ guide
Aztecs
Perfil
Jugador #9754373